 Dungeon Crawl Stone Soup version 0.24.0-41-g2ae2f7f1be (webtiles) character file.

Game seed: 13002906420744638689, levelgen mode: deterministic

43 Kobolds4U the Sneak (level 3, -9/19 HPs)
             Began as a Deep Elf Conjurer on Dec 12, 2019.
             Was an Initiate of Dithmenos.
             Mangled by an ice beast (11 damage)
             ... on level 2 of the Dungeon.
             The game lasted 00:03:55 (1653 turns).

Kobolds4U the Sneak (Deep Elf Conjurer)             Turns: 1653, Time: 00:03:55

Health: -9/19      AC:  2    Str:  6    XL:     3   Next: 37%
Magic:  8/10       EV: 13    Int: 19    God:    Dithmenos [......]
Gold:   93         SH:  0    Dex: 15    Spells: 6/9 levels left

rFire    . . .     SeeInvis .   f - +0 dagger
rCold    . . .     Gourm    .   (no shield)
rNeg     . . .     Faith    .   a - +0 robe
rPois    .         Spirit   .   (no helmet)
rElec    .         Reflect  .   (no cloak)
rCorr    .         Harm     .   (no gloves)
MR       .....                  (no boots)
Stlth    +++.......             (no amulet)
HPRegen  0.06/turn              b - ring of wizardry
MPRegen  0.12/turn              (no ring)

@: no status effects
A: no striking features
a: Renounce Religion


You were on level 2 of the Dungeon.
You worshipped Dithmenos.
Dithmenos was noncommittal.
You were not hungry.

You visited 1 branch of the dungeon, and saw 2 of its levels.

You collected 93 gold pieces.

Inventory:

Hand Weapons
 f - a +0 dagger (weapon)
Armour
 a - a +0 robe (worn)
Jewellery
 b - a ring of wizardry (left hand)
Scrolls
 d - a scroll of enchant armour {unknown}
 g - 4 scrolls of teleportation {unknown}
 i - a scroll of enchant weapon {unknown}
 j - 2 scrolls of identify {unknown}
 k - 2 scrolls of amnesia {unknown}
 m - a scroll of fog {unknown}
 n - a scroll of noise {unknown}
 o - a scroll of remove curse {unknown}
Potions
 e - a potion of might {unknown}
 h - a potion of heal wounds {unknown}
 l - a potion of brilliance {unknown}
 p - a potion of flight {unknown}
Comestibles
 c - 3 rations


   Skills:
 - Level 2.4 Dodging
 + Level 4.5 Stealth
 + Level 3.7 Spellcasting
 - Level 4.3 Conjurations


You had 6 spell levels left.
You knew the following spells:

 Your Spells              Type           Power        Failure   Level  Hunger
a - Magic Dart            Conj           ###.         1%          1    None
b - Searing Ray           Conj           ###...       1%          2    ##.....

Your spell library contained the following spells:

 Spells                   Type           Power        Failure   Level  Hunger
 Dazzling Spray           Conj/Hex       ##....       7%          3    ###....
 Iskenderun's Mystic Bla  Conj           ###.....     10%         4    ####...
 Force Lance              Conj/Tloc      ##......     22%         4    ####...
 Fulminant Prism          Conj/Hex       ##........   22%         4    ####...


Dungeon Overview and Level Annotations

Branches:
Dungeon (2/15)

Altars:
Dithmenos
Fedhas
Kikubaaqudgha


Message History

Okay, then.
Unknown command.
The ice beast hits you. The ice beast freezes you.
You hit the ice beast but do no damage.
The ice beast is severely wounded.
The ice beast hits you. The ice beast freezes you!
* * * LOW HITPOINT WARNING * * *
You hit the ice beast but do no damage.
The ice beast is severely wounded.
The ice beast barely misses you.
You hit the ice beast but do no damage.
The ice beast is severely wounded.
The ice beast barely misses you.
You eat one of the 4 rations.
That ration really hit the spot!
The ice beast barely misses you. The ice beast hits you.
* * * LOW HITPOINT WARNING * * *
The ice beast freezes you!
Ouch! That really hurt!
You die...

...#.#####......# ######## #...#
#...............# ####..##
.####.##..##'#### #.......
#............###### #....##.
.#.##........'..>.# #....##.
#...#........####.# ######....##.
..#.#.............# #.........+..
.##.#.............###.........##.
.##.#..........Y@..........#####.
###.#............####......# #.
..#...####.......# #......# ##
#.################ ##.....#
#............. #.....#
#.#...#...#... #.##### ##
#............. ### #.
###...#...#... #. #............
#.


You could see an ice beast.

Vanquished Creatures
  An ooze (D:2)
  A worm (D:2)
  2 leopard geckos
  9 bats
  3 giant cockroaches (D:2)
  A goblin (D:1)
  5 hobgoblins
  6 kobolds
  2 frilled lizards
  3 rats
33 creatures vanquished.

Notes
Turn   | Place    | Note
-------+----------+-------------------------------------------
     0 | D:1      | Kobolds4U the Deep Elf Conjurer began the quest for the
                  | Orb.
     0 | D:1      | Reached XP level 1. HP: 10/10 MP: 6/6
   207 | D:1      | Reached XP level 2. HP: 15/15 MP: 4/8
   211 | D:1      | Learned a level 2 spell: Searing Ray
   845 | D:2      | Reached XP level 3. HP: 15/19 MP: 6/9
  1058 | D:2      | Found a shadowy altar of Dithmenos.
  1121 | D:2      | Became a worshipper of Dithmenos the Shadowed
  1146 | D:2      | Found an ancient bone altar of Kikubaaqudgha.
  1146 | D:2      | Found a blossoming altar of Fedhas.
  1612 | D:2      | Noticed an ice beast
  1653 | D:2      | Mangled by an ice beast

Levels and vault maps discovered:
D:1:      denvon_arrival_hothouse, layout_basic
D:2:      minmay_wonky_spiral, layout_basic,
          grunt_temple_overflow_growth_and_decay, grunt_dithmenos_smoke,
          lemuel_coloured_pillars_altar, first_ration, minmay_tiny_reverse_x

Skill      XL: |  1  2 |
---------------+-------+-----
Stealth        | 3 4 |  4.5
Dodging        | |  2.4
Spellcasting   | |  3.7
Conjurations   | |  4.3

Action                   || total
-------------------------++-------
Melee: Dagger            ||    26
 Cast: Magic Dart        ||    43
       Searing Ray       ||     3
 Stab: Sleeping          ||     7
  Eat: Ration            ||     1
Armor: Robe              ||     7
Dodge: Dodged            ||    36
